AoeStats
← Irrelevant

Oasis

509278284Analyzed
4v4 RM · 7d ago on Sep 26, 2026· 13m 47s· 8 players
Game mode
Random Map
Map size
Large (8 player)
Population
200
Speed
Normal
Resources
Standard
Victory
Conquest
Starting age
Dark Age
Ending age
Imperial Age
RankedLock teamsTeams togetherTeam positionsShared explorationLock speedFull tech treeHidden civsTurbo modeCheats
Victory
Defeat
🇫🇮 Varangians · Finland
1532
+14
🇦🇷 Celts · Argentina
1532
+14
🇦🇷 Hindustanis · Argentina
1503
+15
🇦🇷 Jurchens · Argentina
1485
+16
🇦🇷 Britons · Argentina
1568
-18
1497
-15
🇨🇳 Portuguese · China
1446
-13
🇨🇳 Japanese · China
1437
-13
NotResignFast
8:47 Feudal Age
7:26 Loom
TheGhostmaster
1:35 Loom
9:24 Feudal Age
9:29 Man-at-Arms
11:05 Arson
Irrelevant
8:54 Feudal Age
9:24 Loom
9:38 Double-Bit Axe
10:08 Horse Collar
11:40 Bloodlines
14:38 Wheelbarrow
_29_3ffect_Arg
7:34 Loom
9:46 Feudal Age
10:41 Double-Bit Axe
11:17 Horse Collar
14:34 Wheelbarrow
归来仍只会种田
9:03 Feudal Age
9:45 Double-Bit Axe
9:58 Gold Mining
11:29 Loom
amtiky
6:55 Loom
9:13 Feudal Age
11:42 Fletching
2067
9:34 Feudal Age
10:21 Double-Bit Axe
10:58 Horse Collar
630406632
4:49 Loom
10:49 Feudal Age
Connection lost

Rejoining the realm…

Still unreachable

The connection could not be restored.

Session expired

The server has moved on; the page needs a fresh start.